 Dungeon Crawl Stone Soup version 0.21.0-3-g78d12a8 (webtiles) character file.

392 Kurtz the Cudgeler (level 6, -1/42 HPs)
             Began as an Octopode Abyssal Knight on Jan 17, 2018.
             Was a Priest of Lugonu.
             Slain by a centaur zombie (8 damage)
             ... in an ossuary.
             The game lasted 00:06:57 (3898 turns).

Kurtz the Cudgeler (Octopode Abyssal Knight)        Turns: 3898, Time: 00:06:58

Health: -1/42      AC: -3    Str: 13    XL:     6   Next: 81%
Magic:  5/7        EV: 13    Int: 14    God:    Lugonu [***...]
Gold:   184        SH:  0    Dex: 12    Spells: 5/5 levels left

rFire    . . .     SeeInvis +   g - +2 flail of Terror {venom, *Corrode *Drain rPois rC+++} (curse)
rCold    + + +     Gourm    .   (no shield)
rNeg     . . .     Faith    .   (helmet restricted)
rPois    +         Spirit   .   (no amulet)
rElec    .         Reflect  .   q - ring of see invisible
rCorr    .         Harm     .   m - ring of loudness (curse)
MR       .....                  (no ring)
Stlth    +++.......             (no ring)
HPRegen  0.14/turn              (no ring)
MPRegen  0.10/turn              (no ring)
                                (no ring)
                                (no ring)

@: marked, corroded
A: almost no armour, stealthy swim, amphibious, 8 rings, constrict 8, camouflage
1, gelatinous body 1
a: Depart the Abyss, Bend Space, Banish, Renounce Religion


You were in an ossuary.
You worshipped Lugonu.
Lugonu was most pleased with you.
You were not hungry.

You visited 1 branch of the dungeon, and saw 4 of its levels.
You visited the Abyss 1 time.
You also visited: Ossuary.

You collected 184 gold pieces.

Inventory:

Hand Weapons
 a - a +1 falchion
 g - the cursed +2 flail of Terror (weapon) {venom, *Corrode *Drain rPois rC+++}
   (You found it on level 2 of the Abyss)

   It poisons the flesh of those it strikes.
   It renders you almost immune to cold.
   It protects you from poison.
   It may corrode you when you take damage.
   It causes draining when unequipped.
   It has a curse placed upon it.
Jewellery
 m - a cursed ring of loudness (right tentacle)
 q - a ring of see invisible (left tentacle)
Wands
 f - a wand of paralysis (15)
 j - a wand of disintegration (10)
Scrolls
 d - a scroll of identify
 h - 3 scrolls of remove curse
 l - 2 scrolls of enchant weapon
Potions
 c - a potion of mutation {unknown}
 i - 2 potions of curing
 k - a potion of degeneration {unknown}
 o - a potion of haste {unknown}
 r - a potion of cancellation {unknown}
 u - 2 potions of agility {unknown}
Comestibles
 b - 5 rations


   Skills:
 - Level 3.0 Fighting
 - Level 2.0 Long Blades
 * Level 5.5 Maces & Flails
 - Level 2.3 Dodging
 * Level 4.8 Stealth
 - Level 2.0 Invocations


You had 5 spell levels left.
You didn't know any spells.

Dungeon Overview and Level Annotations

Branches:
Dungeon (4/15)
 Temple: D:4-7

Altars:

Shops:
D:4 [


Innate Abilities, Weirdness & Mutations

You cannot wear most types of armour.
You are very stealthy in the water. (Stealth+)
You are amphibious.
You can wear up to eight rings at the same time.
You can use your tentacles to constrict eight enemies at once.
Your skin changes colour to match your surroundings (Stealth+).
Your rubbery body absorbs attacks. (AC +1, EV +1)


Message History

* * * LOW HITPOINT WARNING * * *
The orc zombie misses you. Space bends around you!
You blink.
A mummy comes into view.
Unknown command.
As you read the scroll of fear, it crumbles to dust.
You assume a fearsome visage.
The centaur zombie is unaffected.
The big kobold zombie is unaffected.
The mummy is unaffected.
The elf zombie is unaffected.
The centaur zombie is unaffected.
The orc zombie is unaffected.
The hobgoblin zombie is unaffected.
The kobold zombie is unaffected.
The centaur zombie is unaffected.
The mummy is unaffected.
The hobgoblin zombie is unaffected.
The centaur zombie hits you.
* * * LOW HITPOINT WARNING * * *
The mummy barely misses you.
Unknown command.
It was a potion of curing.
You feel better. The centaur zombie hits you!
* * * LOW HITPOINT WARNING * * *
The centaur zombie hits you!
You die...

#...# ....## #.
#...# .... #. #Z..#
#.^# #. #..Z# #..#
#. #.ZZ# #^.# #.
#.ZZ######..######.
#.Z................
#ZZMM....8..8......
#.@................
#..................
###################


You could see 2 mummies, 2 hobgoblin zombies, a kobold zombie, a big kobold
zombie, an orc zombie, an elf zombie and 3 centaur zombies.

Vanquished Creatures
  An ogre (D:4)
  A scorpion (D:4)
  A hound (D:4)
  A bullfrog skeleton (D:4)
  A big kobold zombie (Ossuary)
  4 gnolls
  4 adders
  An ooze (D:2)
  2 worms (D:2)
  2 leopard geckos
  3 orcs (D:3)
  6 giant cockroaches
  8 hobgoblins
  7 jackals
  2 quokkas (D:3)
  8 bats
  5 frilled lizards
  9 goblins
  8 hobgoblin zombies (Ossuary)
  8 kobolds
  5 kobold zombies (Ossuary)
  8 orc zombies (Ossuary)
  4 rats
99 creatures vanquished.

Notes
Turn   | Place    | Note
-------+----------+-------------------------------------------
     0 | Abyss:1  | Kurtz the Octopode Abyssal Knight began the quest for the Orb.
     0 | Abyss:1  | Reached XP level 1. HP: 16/16 MP: 2/2
    68 | Abyss:1  | Noticed a raiju
    72 | Abyss:1  | Noticed an insubstantial wisp
    80 | Abyss:1  | Noticed a spatial vortex
    83 | Abyss:2  | Found a corrupted altar of Lugonu.
    95 | Abyss:2  | Found an opulent altar of Gozag.
   124 | Abyss:2  | Found an opulent altar of Gozag.
   133 | Abyss:2  | Noticed a large abomination
   146 | Abyss:2  | Noticed a wretched star
   155 | Abyss:2  | Noticed a tentacled starspawn
   155 | Abyss:2  | Got a dazzling flail
   165 | Abyss:2  | Noticed a small abomination
   165 | Abyss:2  | Noticed a smoke demon
   173 | Abyss:2  | Noticed a small abomination
   186 | Abyss:2  | Noticed a quasit
   220 | Abyss:3  | Identified the cursed +2 flail of Terror {venom, *Corrode *Drain rPois rC+++} (You found it on level 2 of the Abyss)
   230 | Abyss:3  | Noticed a starcursed mass
   234 | D:1      | Escaped the Abyss
   606 | D:1      | Reached skill level 1 in Maces & Flails
   673 | D:1      | Reached * piety under Lugonu
   673 | D:1      | Reached XP level 2. HP: 19/21 MP: 3/3
   959 | D:1      | Reached skill level 2 in Maces & Flails
  1265 | D:2      | Reached skill level 1 in Stealth
  1265 | D:2      | Reached XP level 3. HP: 26/26 MP: 4/4
  1783 | D:2      | Reached XP level 4. HP: 30/31 MP: 5/5
  2076 | D:3      | Reached skill level 3 in Maces & Flails
  2318 | D:2      | Reached ** piety under Lugonu
  2478 | D:2      | Reached XP level 5. HP: 30/36 MP: 6/6
  2961 | D:3      | Reached skill level 4 in Maces & Flails
  3382 | D:4      | Found Ynank's Antique Armour Emporium.
  3387 | D:4      | Reached XP level 6. HP: 25/42 MP: 7/7
  3552 | D:4      | Reached skill level 5 in Maces & Flails
  3557 | D:4      | Found a sand-covered staircase.
  3564 | Ossuary  | Entered an ossuary
  3702 | Ossuary  | Reached *** piety under Lugonu
  3893 | Ossuary  | HP: 2/42 [centaur zombie (3)]
  3898 | Ossuary  | Slain by a centaur zombie

Skill      XL: |  1  2  3  4  5  6 |
---------------+-------------------+-----
Maces & Flails | 1 2 3 4 5 |  5.5
Stealth        | 1 2 3 4 |  4.8
Fighting       | |  3.0
Long Blades    | |  2.0
Dodging        | |  2.3
Invocations    | |  2.0

Action                   |  1- 3 |  4- 6 || total
-------------------------+-------+-------++-------
Melee: Flail             |    60 |   119 ||   179
       Constrict         |    19 |    33 ||    52
       Tentacles         |    13 |    17 ||    30
Invok: Depart the Abyss  |     1 |       ||     1
       Bend Space        |       |     2 ||     2
Evoke: Wand              |       |     6 ||     6
  Use: Potion            |       |     3 ||     3
       Scroll            |       |    11 ||    11
 Stab: Sleeping          |     7 |     2 ||     9
  Eat: Chunk             |     2 |     7 ||     9
Armor: Skin              |     1 |    14 ||    15
Dodge: Dodged            |    40 |   115 ||   155
